Cogmind - Beta 14 @@@ ROGUE MODE // 2024.11.30 @ 18:39:02 Player: Fangrelle Result: Destroyed by TX-HES(R) with Subdweller Machine Gun Performance ------------- Evolutions (0) 0 Regions Visited (3) 600 Robots Destroyed (36) 180 Value Destroyed (936) 936 Prototype IDs (12) 240 Alien Tech Used (0) 0 Bonus (-40) -40 TOTAL SCORE: 1916 Bonus ------- Follower Combat Kills 88 Friendly Fire -128 Cogmind --------- Core Integrity 0/250 Matter 300/300 Energy 100/100 System Corruption 0% Temperature Cool (6) Movement Walking (130) Location -10/Subcaves Parts ------- > --- POWER (1) -------- (None) > --- PROPULSION (2) --- Carbon-fiber Leg Makeshift Leg > --- UTILITY (2) ------ Scrap Shield > --- WEAPON (2) ------- Beamcaster Makeshift Axe > --- INVENTORY (5) ---- Experimental Sensor Array Gun Armor Scrap Shield Hacking Suite Peak State ------------ > --- POWER ------------ Light Angular Momentum Engine > --- PROPULSION ------- Carbon-fiber Leg Makeshift Leg > --- UTILITY ---------- Scrap Shield > --- WEAPON ----------- Beamcaster Makeshift Axe > --- INVENTORY -------- Experimental Sensor Array Gun Armor Hacking Suite [Rating: 27] Favorites ----------- Power Ion Engine Engine Ion Engine Power Core Light Nuclear Core Propulsion Light Treads Treads Light Treads Leg Makeshift Leg Utility Terrain Scanner Device Terrain Scanner Storage Large Storage Unit Protection Scrap Shield Weapon Assault Rifle Energy Gun Beamcaster Ballistic Gun Assault Rifle Launcher Grenade Launcher Slashing Weapon Makeshift Axe Special Melee Weapon Datajack Build | -11 -10 -10 -10 ------- Run | Yrd Mat Min Sub Slots Evolved . | . . . . Power . | . . . . Propulsion . | . . . . Utility . | . . . . Weapon . | . . . . Parts Attached 38 | . 21 6 11 Power 8 | . 4 1 3 Engine 6 | . 3 . 3 Core 2 | . 1 1 . Reactor . | . . . . Propulsion 8 | . 4 1 3 Treads 5 | . 4 1 . Leg 3 | . . . 3 Wheel . | . . . . Hover . | . . . . Flight . | . . . . Utility 6 | . 3 2 1 Device 3 | . 1 2 . Storage 2 | . 2 . . Processor . | . . . . Hackware . | . . . . Protection 1 | . . . 1 Artifact . | . . . . Weapon 16 | . 10 2 4 Energy Gun 1 | . . 1 . Energy Cannon . | . . . . Ballistic Gun 7 | . 6 . 1 Ballistic Cannon . | . . . . Launcher 3 | . 1 1 1 Special Weapon . | . . . . Impact Weapon . | . . . . Slashing Weapon 2 | . . . 2 Piercing Weapon . | . . . . Special Melee Weapon 3 | . 3 . . Unidentified Prototypes 1 | . . 1 . Parts Lost 4 | . 1 1 2 Power 2 | . 1 . 1 Propulsion . | . . . . Utility . | . . . . Weapon 2 | . . 1 1 Highest Loss Streak 1 | . 1 1 1 To Critical Strikes . | . . . . Average Slot Usage (%) 95 | . 95 99 91 Engine 8 | . 10 2 9 Core 4 | . 1 11 3 Treads 24 | . 27 28 12 Leg 3 | . . . 15 Device 12 | . 12 14 8 Storage 12 | . 14 14 9 Protection 1 | . . . 4 Energy Gun 5 | . . 7 14 Ballistic Gun 20 | . 26 19 4 Slashing Weapon 1 | . . . 5 Peak Build Rating 27 | . 9 23 27 Average Rating 11 | . 7 13 21 On Entrance 9 | 6 6 8 16 Naked Turns . | . . . . Heaviest Build 35 | 10 30 33 35 Greatest Support 40 | 20 40 40 40 Greatest Overweight (x) 1 | . . . 1 Average Overweight (x) . | . . . . Largest Inventory Capacity 15 | . 15 15 15 Average Capacity 11 | . 8 15 11 Most Carried 15 | . 10 15 15 Average Carried 10 | . 7 13 10 Final Capacity 15 | 8 15 15 5 Final Carried 14 | 6 10 14 5 Class Distribution -------------------- 88% | Mutant 11% | Scavenger-Mutant Dominant Class ---------------- Mutant | -10/Materials Mutant | -10/Mines Scavenger-Mutant | -10/Subcaves Resources | -11 -10 -10 -10 ----------- Run | Yrd Mat Min Sub Matter Collected 1351 | 200 685 227 239 Remotely . | . . . . Salvage Created 1126 | . 733 122 271 Parts 72 | . 47 6 19 Haulers Intercepted 1 | . 1 . . Recyclers Shooed . | . . . . Parts Field Recycled . | . . . . Retrieved Matter . | . . . . Parts Self-Destructed 5 | . . . 5 Prevented . | . . . . Kills | -11 -10 -10 -10 ------- Run | Yrd Mat Min Sub Combat Hostiles Destroyed 26 | . 13 4 9 Melee 2 | . . . 2 Guns 18 | . 11 2 5 AOE 6 | . 2 2 2 Classes Destroyed 9 | . 8 . 1 Worker 2 | . 2 . . Builder 1 | . 1 . . Hauler 1 | . 1 . . Recycler 1 | . 1 . . Operator 1 | . 1 . . Watcher 3 | . 3 . . Swarmer 7 | . 2 2 3 Grunt 13 | . 11 2 . Subdweller 6 | . . . 6 Thug 1 | . . 1 . Best Kill Streak 5 | . 5 2 3 Combat Bots Only 3 | . 3 2 3 Max Kills in Single Turn 2 | . 2 2 1 Gunslinging . | . . . . Exploded 2 | . 2 2 1 Melee 1 | . . . 1 Uniques/NPCs Destroyed . | . . . . Combat | -11 -10 -10 -10 -------- Run | Yrd Mat Min Sub Hostile Shots Fired 143 | . 66 39 38 Missed 42 | . 13 16 13 Damage Taken 1490 | . 658 308 524 Core 260 | . 52 144 64 Absorbed by Shields . | . . . . Regen/Repaired (Parts) 185 | . 185 . . Core Remaining (%) 100 | 100 . . . Volleys Fired 109 | . 78 14 17 Largest 2 | . 2 2 2 Hottest 105 | . 60 50 105 Shots Fired 212 | . 156 28 28 Gun 200 | . 151 24 25 Cannon . | . . . . Launcher 12 | . 5 4 3 Special . | . . . . Kinetic 182 | . 150 24 8 Thermal 18 | . 1 . 17 Explosive 12 | . 5 4 3 Electromagnetic . | . . . . Robot Hit Streak 10 | . 10 7 7 Robot Miss Streak 4 | . 4 2 3 Penetration Max . | . . . . Secondary Targets 2 | . 1 1 . Max Gunslinging Chain 1 | . 1 1 . Shots Hit Robots 143 | . 100 19 24 Core Hits 64 | . 39 9 16 Critical Kills . | . . . . Critical Parts Destroyed . | . . . . Critical Strikes . | . . . . Melee Attacks 25 | . 2 . 23 Impact . | . . . . Slashing 23 | . . . 23 Piercing . | . . . . Sneak Attacks 1 | . 1 . . Combat Hostiles . | . . . . Follow-up Attacks . | . . . . Damage Inflicted 2680 | . 1567 462 651 Guns 1754 | . 1250 232 272 Cannons . | . . . . Explosions 671 | . 317 230 124 Melee 255 | . . . 255 Ramming . | . . . . Kinetic 1562 | . 1250 232 80 Thermal 192 | . . . 192 Explosive 671 | . 317 230 124 Electromagnetic . | . . . . Impact . | . . . . Slashing 255 | . . . 255 Piercing . | . . . . Highest Corruption . | . . . . Average Corruption . | . . . . Corruption Purged . | . . . . Corruption Blocked . | . . . . Overload Shots . | . . . . Overflow Damage . | . . . . Projectiles . | . . . . Explosions . | . . . . Melee . | . . . . Knockbacks . | . . . . Impact . | . . . . Kinetic . | . . . . Secondary . | . . . . Self-Inflicted Damage 22 | . . 22 . Shots 1 | . . 1 . Rammed . | . . . . Targets Rammed . | . . . . Kicked . | . . . . Crushed . | . . . . Highest Temperature 32 | . 10 32 28 Average Temperature 8 | . 2 12 14 Received Heat Transfer 621 | . 381 135 105 Siege Activations . | . . . . Robots Corrupted . | . . . . Combat Hostiles . | . . . . Parts Fried . | . . . . Impact Corruptions . | . . . . Robots Melted . | . . . . Combat Hostiles . | . . . . Parts Melted . | . . . . Heat Transferred 333 | . . . 333 Parts Sabotaged . | . . . . Parts Stolen . | . . . . Parts Stripped . | . . . . Power Chain Reactions . | . . . . Alert | -11 -10 -10 -10 ------- Run | Yrd Mat Min Sub Peak Influence 252 | . 252 203 . Initial 19 | . . 19 . Average 62 | . 72 41 . Maximum Alert Level 1 | . 1 1 . Low Security (%) 96 | . 97 94 . Level 1 3 | . 2 5 . Level 2 . | . . . . Level 3 . | . . . . Level 4 . | . . . . Level 5 . | . . . . High Security . | . . . . Max Security . | . . . . Squads Dispatched 2 | . 2 . . Investigation 1 | . 1 . . Extermination . | . . . . Reinforcement 1 | . 1 . . Assault . | . . . . Garrison . | . . . . Intercept . | . . . . Searches Triggered . | . . . . Construction Impeded . | . . . . Haulers Reinforced . | . . . . Active Scanning Responses . | . . . . Cargo Convoy Interrupts . | . . . . Stealth | -11 -10 -10 -10 --------- Run | Yrd Mat Min Sub Distress Signals 1 | . 1 . . Communications Jammed . | . . . . Distress Signals . | . . . . Times Spotted 39 | . 18 9 12 Peak Tracking Total 6 | . 6 3 3 Tactical Retreats 1 | . . . 1 Traps | -11 -10 -10 -10 ------- Run | Yrd Mat Min Sub Traps Triggered . | . . . . Indirectly . | . . . . Trap Hack Attempts 38 | . 38 . . Triggered . | . . . . Disarmed 3 | . 3 . . Reprogrammed 2 | . 2 . . Reused . | . . . . Traps Extracted . | . . . . Installed . | . . . . Triggered . | . . . . Objects Rigged 2 | . 2 . . Exploded 1 | . 1 . . Machines | -11 -10 -10 -10 ---------- Run | Yrd Mat Min Sub Machines Disabled 5 | . 4 . 1 Max in Single Turn 3 | . 3 . 1 Machines Repaired . | . . . . Machines Dismantled . | . . . . Machines Sabotaged . | . . . . Overloaded Fab Kills . | . . . . Hacking | -11 -10 -10 -10 --------- Run | Yrd Mat Min Sub Machines Accessed 11 | . 10 . 1 Terminals 7 | . 7 . . Fabricators . | . . . . Repair Stations 1 | . 1 . . Recycling Units 2 | . 2 . . Scanalyzers . | . . . . Garrison Access . | . . . . Total Hacks 54 | . 45 . 9 Successful 32 | . 23 . 9 Failed 22 | . 22 . . Catastrophic 2 | . 2 . . Database Lockouts . | . . . . Manual 33 | . 33 . . Terminals 30 | . 30 . . Fabricators . | . . . . Repair Stations 6 | . 6 . . Recycling Units 9 | . 9 . . Scanalyzers . | . . . . Garrison Access . | . . . . Terminal Hacks 12 | . 3 . 9 Record 8 | . . . 8 Robot Analysis 2 | . 2 . . Locate Traps 1 | . 1 . . Derelict Proto ID Bank 1 | . . . 1 Fabricator Hacks . | . . . . Repair Station Hacks 4 | . 4 . . Scan Component 2 | . 2 . . Repair 2 | . 2 . . Recycling Unit Hacks 1 | . 1 . . Retrieve Components 1 | . 1 . . Scanalyzer . | . . . . Garrison Access Hacks . | . . . . Unauthorized Hacks 15 | . 15 . . Terminals 14 | . 14 . . Assimilate 4 | . 4 . . Botnet 5 | . 5 . . Detonate 1 | . 1 . . Disrupt 1 | . 1 . . Operators 1 | . 1 . . Skim 2 | . 2 . . Fabricators . | . . . . Repair Stations . | . . . . Recycling Units 1 | . 1 . . Tunnel 1 | . 1 . . Scanalyzers . | . . . . Garrison Access . | . . . . Data Cores Recovered . | . . . . Used . | . . . . Hacking Detections 10 | . 10 . . Full Trace Events 1 | . 1 . . Feedback Events . | . . . . Feedback Blocked . | . . . . Robot Schematics Acquired . | . . . . Robots Built . | . . . . Authchips . | . . . . Time . | . . . . Total Robot Build Rating . | . . . . Part Schematics Acquired . | . . . . Parts Built . | . . . . Authchips . | . . . . Time . | . . . . Total Part Build Rating . | . . . . Parts Repaired 2 | . 2 . . Time 52 | . 52 . . Parts Recycled . | . . . . Recycled Matter . | . . . . Retrieved Matter . | . . . . Retrieved Components . | . . . . Parts Scanalyzed . | . . . . Part Schematics Acquired . | . . . . Parts Damaged . | . . . . Bothacking | -11 -10 -10 -10 ------------ Run | Yrd Mat Min Sub Used RIF Installer . | . . . . Robots Hacked 1 | . 1 . . Non-combat 1 | . 1 . . Combat . | . . . . Robot Hacks Applied 1 | . 1 . . find_recycling 1 | . 1 . . Relay Couplers Released . | . . . . Fabnet Peak Effective % . | . . . . Robots Rewired . | . . . . Allies Hacked . | . . . . Hacks Repelled . | . . . . Allies | -11 -10 -10 -10 -------- Run | Yrd Mat Min Sub Total Allies 3 | . 1 2 . Largest Group 3 | . 1 3 1 Highest-Rated Group 57 | . 10 57 10 Highest-Rated Ally 31 | . 10 31 10 Total Orders 3 | . . 2 1 STAY 2 | . . 1 1 FOLLOW 1 | . . 1 . Ally Attacks 15 | . . 15 . Total Damage 278 | . . 278 . Kills 6 | . . 6 . Allies Corrupted . | . . . . Allies Melted . | . . . . Intel | -11 -10 -10 -10 ------- Run | Yrd Mat Min Sub Robot Analysis Total 2 | . 2 . . Derelict Logs Recovered 3 | . . 1 2 Drone Launches . | . . . . Drone Recoveries . | . . . . Exploration | -11 -10 -10 -10 ------------- Run | Yrd Mat Min Sub Turns Passed 4361 | . 2313 1154 894 Spaces Moved 2336 | 1 1139 681 515 Core . | . . . . Treads 2035 | . 1134 681 220 Legs 301 | 1 5 . 295 Wheels . | . . . . Hover . | . . . . Flight . | . . . . Fastest Speed 120 | 120 120 160 130 Average Speed 156 | 120 159 160 145 Slowest Speed 210 | 120 160 160 210 Overloaded Moves . | . . . . Propulsion Burnouts . | . . . . Robots Hopped . | . . . . Cave-ins Triggered . | . . . . Exploration Rate (%) 58 | 2 99 99 32 Regions Visited 3 Branch Regions 2 Pre-discovered Areas 2 | . 1 . 1 Known Exits Taken . | . . . . Unknown Exits Taken 3 | 1 1 1 . Scrap Searched 8 | . . 1 7 Spaces Dug . | . . . . Terrain Destroyed 83 | . 55 14 14 Melee . | . . . . Projectile . | . . . . AOE 83 | . 55 14 14 Terrain Rammed . | . . . . Walls Destroyed . | . . . . Machines Disabled . | . . . . Actions | -11 -10 -10 -10 --------- Run | Yrd Mat Min Sub Total 2810 | . 1474 718 618 Wait 191 | . 164 6 21 Move 2333 | . 1138 680 515 Hop . | . . . . Pick Up 31 | . 17 7 7 Fast Attach 8 | . 4 1 3 Attach 6 | . 1 2 3 Detach 1 | . . 1 . Swap 24 | . 16 3 5 Drop 41 | . 16 4 21 Fire 109 | . 78 14 17 Melee 25 | . 2 . 23 Ram . | . . . . Kick . | . . . . Crush . | . . . . Escape Stasis . | . . . . Rewire . | . . . . Trap 38 | . 38 . . Miscellaneous 3 | . . . 3 Route ------- -11/Scrapyard -10/Materials (discovered 4 exits: [*Mat x3] / [*Min]) -10/Mines (discovered 3 exits: [*Mat x2] / *Sub) -10/Subcaves (discovered 1 exit: Mat) History --------- Turn | Location | Event 1 | -11/Scrapyard | Discovered new exit (range 0) 1 | -11/Scrapyard | Entered Materials 307 | -10/Materials | Build established: Mutant 316 | -10/Materials | Discovered new exit (range 10) 628 | -10/Materials | Discovered new exit (range 5) 1508 | -10/Materials | Discovered new exit (range 10) 1566 | -10/Materials | Repaired Lgt. Treads 1593 | -10/Materials | Repaired Lgt. Treads 1709 | -10/Materials | Discovered new exit (range 13) 2314 | -10/Materials | Entered Mines 2314 | -10/Mines | Accompanied by 1 ally 2409 | -10/Mines | Discovered new exit (range 5) 2730 | -10/Mines | Found a damaged Exp. Sensor Array with a note attached 2734 | -10/Mines | Found Prototype Device 2771 | -10/Mines | Learned Materials garrison access intel 2806 | -10/Mines | Core integrity fell below 50% 3064 | -10/Mines | Discovered new exit (range 7) 3133 | -10/Mines | Identified Exp. Sensor Array 3238 | -10/Mines | Discovered new exit (range 6) 3468 | -10/Mines | Entered Subcaves 3468 | -10/Subcaves | Accompanied by 1 ally 3605 | -10/Subcaves | Identified exit to Materials 3724 | -10/Subcaves | Visited 4L-MR0's lab 3747 | -10/Subcaves | Found Gun Armor 3802 | -10/Subcaves | Learned location of Zion (-7) 3802 | -10/Subcaves | Met a Zionite searching for "candidates" 3817 | -10/Subcaves | Core integrity fell below 20% 4150 | -10/Subcaves | Build established: Scavenger-Mutant 4362 | -10/Subcaves | Destroyed by TX-HES(R) with Subdweller Machine Gun Last Messages --------------- 04135_ Found 62 Matter. 04136_ Acquired 8 matter. 04136_ Subatomizers dissect the Sub. Laser. 04143_ Searching scrap... 04143_ Found Battle Rifle. 04143_ Found 40 Matter. 04146_ Searching scrap... 04146_ Found Flamer. 04146_ Found 47 Matter. 04150_ Dropped Mak. Leg. 04151_ Subatomizers dissect the Sub. Laser. 04151_ Dropped Lrg. Matter Pod. 04151_ Acquired Scrap Shield. 04246_ 9U-KWE(R) destroyed. 04250_ Scrap Shield Fragment affixed to Scrap Shield (+48). 04254_ Subatomizers dissect the Sub. Power Source. 04259_ WX-LBZ(R) destroyed. 04262_ Scrap Shield Fragment affixed to Scrap Shield (+25). 04266_ Subatomizers dissect the Sub. Power Source. 04358_ Lgt. Angular Momentum Engine destroyed. Map ----- +----------------------------------------------------+ | ???????????????????????# ?????????????## ###??# | | ???????????????????????# ?????????????#" #### | | ??????????????????????# ?????????#####" # | | ??????????????????????? #??????### " " | | ??????????????????????? ????# """ ## "" | | ???????????????????????? ?????? " ## ""## | | ????????????????????????? ?????? " """ "### | | ?????????????????????????? ##??????""" """" "#?# | | ??????????????????????????# ##????? " ## " ""### | | ??????????????????????????# ##????##??##" """ # | | ???????????????????????????# ##????????## ""## | | ??????????????????????????## #???####### "##? | | ??????????????????????????# ##### #" "##? | | ??????????????????????????# ## " """#? | | ??????????????????????????## """""# | | ???????????????????????????# ## # # """### | | ???????????????????????????# ###### #######"#?? | | ???????????????????????????# ##????## #?????? #?? | | ???????????????????????????# ##?????###???????#?? | | ??????????????????????????## ##????????????????? | | ???????????? ???????????## ##???????????????? | | ???????????? "????????## #???????????????? | | ????????????#""" ?????## ##???????????????? | | ????????????#"" ???# ##????????????????? | | ????????????# ## ###?????????????????? | | ???????????"" % @ R##???????????????????? | | ?????????????""" R####????????????????????? | | ????????????"" " ####???????????????????????? | | ??????????? " " ###???????????????????????????? | | ?????????????" #???????????????????????????????? | | ?????????????" "?????????????????????????????????? | | ?????????????????????????????????????????????????? | | ?????????????????????????????????????????????????? | | ?????????????????????????????????????????????????? | | ?????????????????????????????????????????????????? | | ?????????????????????????????????????????????????? | | ?????????????????????????????????????????????????? | | ?????????????????????????????????????????????????? | | ?????????????????????????????????????????????????? | | ?????????????????????????????????????????????????? | | ?????????????????????????????????????????????????? | | ?????????????????????????????????????????????????? | | ?????????????????????????????????????????????????? | | ?????????????????????????????????????????????????? | | ?????????????????????????????????????????????????? | | ?????????????????????????????????????????????????? | | ?????????????????????????????????????????????????? | | ?????????????????????????????????????????????????? | | ?????????????????????????????????????????????????? | | ?????????????????????????????????????????????????? | +----------------------------------------------------+ Best States ------------- Heat Dissipation 25 Energy Generation 18 Energy Capacity 250 Matter Stores 300 Matter Capacity 300 Sight Range 16 Terrain Scan Range 14 Terrain Scan Density 10 Armor Coverage 800 Evasion (%) 55 Recoil Reduction 2 Item Schematics ----------------- None Robot Schematics ------------------ None Fabricated ------------ Nothing Alien Tech Used ----------------- None Achievements -------------- None Challenges ------------ None Game ------ Seed LobotomyUltimateMask Manual? 0 Play Time 00:27:36 Cumulative 148.6 hours Start 2024.11.30 @ 18:13:28 End 2024.11.30 @ 18:39:02 Sessions 1 Manual Loads 0 Difficulty Rogue Special Mode None Game No. 280 Rogue 280 Adventurer 0 Explorer 0 Win Type - Total 0 Types 0/0/0/0/0/0/0/0/0 Lore% 45 Gallery% 41 Achievement% 36 Wizard Run 0 Options --------- Layout 0 ASCII 0 Keyboard 0 Movement Mouse Keybinds 0 Fullscreen 1 Font 24/Smallcaps Map View 91x25 Zoom Use 91% Tactical HUD 1 Map Filters NONE Filters NONE Steam 1 RUN: 8fe4e379-d058-4e66-849d-071fc5968c4e